 Dungeon Crawl Stone Soup version 0.29.1-15-g9cfb28693d (webtiles) character file.

Game seed: 12302440781431357217

37401 xSliceyx the Warrior (level 13, -2/92 HPs)
             Began as a Gargoyle Fighter on Mar 12, 2023.
             Was a High Priest of Okawaru.
             Slain by a dire elephant (8 damage)
             ... on level 5 of the Lair of Beasts.
             The game lasted 01:16:46 (20531 turns).

xSliceyx the Warrior (Gargoyle Fighter)            Turns: 20531, Time: 01:16:46

Health: -2/92      AC: 25    Str: 28    XL:     13   Next: 96%
Magic:  6/6        EV:  6    Int: 10    God:    Okawaru [*****.]
Gold:   359        SH: 18    Dex: 15    Spells: 12/12 levels left

rFire   + + +      SeeInvis .   b - +6 scimitar "Dragonbane" {antimagic, rElec rF++ rN+ Dex-2}
rCold   . . .      Faith    .   O - +2 tower shield {rF+}
rNeg    + + .      Spirit   .   D - +0 chain mail
rPois   ∞          Reflect  .   N - +0 helmet
rElec   +          Harm     .   c - +0 cloak
rCorr   .          Rampage  .   M - +0 pair of gloves
Will    .....                   I - +0 pair of boots
Stlth   ..........              (no amulet)
HPRegen 0.25/turn               P - +6 ring of dexterity
MPRegen 0.10/turn               y - +6 ring of strength

@: invisible
A: sickness immunity, AC +9, negative energy resistance 1, electricity
resistance, torment resistance 1, petrification resistance
a: Renounce Religion, Heroism, Finesse, Duel


You were on level 5 of the Lair of Beasts.
You worshipped Okawaru.
Okawaru was extremely pleased with you.
You visited 3 branches of the dungeon, and saw 18 of its levels.

You collected 1004 gold pieces.
You spent 645 gold pieces at shops.

Inventory:

Hand Weapons
 a - the +10 sling "Weruuhy" {venom, rElec rF+ Dex+4}
   (You took it off a goblin on level 3 of the Dungeon)

   Any ammunition fired from it poisons the flesh of those it strikes.
   Dex:       It affects your dexterity (+4).
   rF:        It protects you from fire.
   rElec:     It insulates you from electricity.
 b - the +6 scimitar "Dragonbane" (weapon) {antimagic, rElec rF++ rN+ Dex-2}
   (You bought it in a shop on level 8 of the Dungeon)

   It reduces the magical energy of the wielder, and disrupts the spells and
   magical abilities of those it strikes.
   Natural abilities and divine invocations are not affected.
   Dex:       It affects your dexterity (-2).
   rF:        It greatly protects you from fire.
   rElec:     It insulates you from electricity.
   rN:        It protects you from negative energy.
Missiles
 o - a silver javelin
 p - 24 poisoned darts (quivered)
 J - a throwing net
 Q - 2 curare-tipped darts
Armour
 c - a +0 cloak (worn)
 D - a +0 chain mail (worn)
 G - a +1 buckler of reflection
 I - a +0 pair of boots (worn)
 M - a +0 pair of gloves (worn)
 N - a +0 helmet (worn)
 O - a +2 tower shield of fire resistance (worn)
Jewellery
 s - a ring of willpower
 y - a +6 ring of strength (right hand)
 F - a ring of see invisible
 P - a +6 ring of dexterity (left hand)
Wands
 v - a wand of iceblast (16)
 x - a wand of flame (53)
 T - a wand of charming (7)
Scrolls
 d - 2 scrolls of amnesia {unknown}
 f - 3 scrolls of blinking {unknown}
 g - 2 scrolls of summoning
 i - 3 scrolls of immolation
 k - 4 scrolls of butterflies {unknown}
 n - a scroll of fear
 r - 2 scrolls of enchant weapon
 u - 5 scrolls of teleportation
 w - a scroll of acquirement {unknown}
 E - 2 scrolls of silence
 K - 3 scrolls of poison
 R - a scroll of torment {unknown}
Potions
 e - 9 potions of curing
 h - 2 potions of lignification {unknown}
 j - a potion of degeneration {unknown}
 l - a potion of invisibility
 m - 2 potions of haste
 q - 5 potions of attraction {unknown}
 t - 4 potions of flight {unknown}
 z - 3 potions of mutation {unknown}
 A - 4 potions of cancellation {unknown}
 B - 2 potions of resistance {unknown}
 H - 2 potions of might
 L - a potion of magic {unknown}
 S - a potion of brilliance {unknown}
 U - 2 potions of heal wounds


   Skills:
 - Level 15.6 Fighting
 - Level 1.7 Axes
 - Level 14.0 Ranged Weapons
 - Level 8.0 Armour
 + Level 9.8 Shields
 - Level 8.5 Invocations


You had 12 spell levels left.
You didn't know any spells.
Your spell library contained the following spells:

 Spells                   Type           Power      Damage    Failure   Level
 Apportation              Tloc           0%         N/A       100%        1
 Necrotise                Necr           0%         1d4       100%        1
 Blink                    Tloc           0%         N/A       100%        2
 Ensorcelled Hibernation  Hex/Ice        0%         N/A       100%        2
 Passwall                 Tmut/Erth      0%         N/A       100%        2
 Static Discharge         Conj/Air       0%         3-3/arc   100%        2
 Dazzling Flash           Conj/Hex       0%         N/A       100%        3
 Lesser Beckoning         Tloc           0%         N/A       100%        3
 Ozocubu's Armour         Ice            0%         N/A       100%        3
 Portal Projectile        Hex/Tloc       0%         N/A       100%        3
 Swiftness                Air            0%         N/A       100%        3
 Corpse Rot               Necr/Pois/Air  0%         N/A       100%        4
 Dispel Undead            Necr           0%         3d6       100%        4
 Iskenderun's Mystic Bla  Conj/Tloc      0%         2d3       100%        4
 Leda's Liquefaction      Hex/Erth       0%         N/A       100%        4
 Blade Hands              Tmut           0%         N/A       100%        5
 Lightning Bolt           Conj/Air       0%         1d11      100%        5
 Manifold Assault         Tloc           0%         N/A       100%        5
 Metabolic Englaciation   Hex/Ice        0%         N/A       100%        5
 Starburst                Conj/Fire      0%         6d3       100%        6
 Maxwell's Capacitive Co  Air            0%         ∞         100%        8
 Summon Small Mammal      Summ           Unusable   N/A       N/A         1
 Call Canine Familiar     Summ           Unusable   N/A       N/A         3
 Tukima's Dance           Hex            Unusable   N/A       N/A         3
 Death Channel            Necr           Unusable   N/A       N/A         6
 Simulacrum               Ice/Necr       Unusable   N/A       N/A         6

Dungeon Overview and Level Annotations

Branches:
Dungeon (12/15)            Temple (1/1) D:4            Lair (5/5) D:9
 Shoals (0/4) Lair:2        Snake (0/4) Lair:2        Slime (0/5) Lair:4
    Orc: D:9-12

Altars:
Ashenzari
Cheibriados
Dithmenos
Elyvilon
Fedhas
Gozag
Hepliaklqana
Kikubaaqudgha
Makhleb
Nemelex Xobeh
Okawaru
Qazlal
Ru
Sif Muna
Trog
Uskayaw
Vehumet
Wu Jian
Xom
Yredelemnul
Zin
The Shining One
Jiyva

Shops:
D:1 :   D:6 [   D:7 [![(   D:8 [[(   D:9 [

Annotations:
Lair:5 exclusion: obsidian statue


Innate Abilities, Weirdness & Mutations

You are immune to sickness and miasma.
Your stone body is resilient. (AC +9)
You are immune to poison.
You resist negative energy. (rN+)
You are resistant to electric shocks. (rElec)
You are resistant to unholy torment.
You are immune to petrification.


Message History

Unknown command.
You hit the spectral anaconda.
The spectral anaconda is almost destroyed.
The spectral anaconda bites you but does no damage.
The spectral anaconda constricts you.
You block the dire elephant's attack. x2
The spectral anaconda barely misses you.
The spectral anaconda constricts you.
The dire elephant tramples you but does no damage.
The dire elephant trunk-slaps you but does no damage.
The spectral anaconda bites you but does no damage.
The spectral anaconda constricts you.
Unknown command.
Unknown command.
You hit the spectral anaconda.
The spectral anaconda is almost destroyed.
You block the spectral anaconda's attack.
The spectral anaconda constricts you.
The spectral anaconda barely misses you.
The spectral anaconda constricts you.
Unknown command.
You slash the spectral anaconda!
You destroy the spectral anaconda!
Okawaru accepts your kill.
Unknown command.
You catch the helpless dire elephant completely off-guard!
You slash the dire elephant!
The dire elephant is lightly wounded.
You block the dire elephant's attack.
The dire elephant trunk-slaps you but does no damage.
The dire elephant tramples you!!
* * * LOW HITPOINT WARNING * * *
You hold your ground!
You block the dire elephant's attack.
Read: 2 scrolls of fear
Press: ? - help, Q - select action, (/) - cycle Dir - look around, f - activate Look: a dire elephant (lightly wounded, unable to see you, chance to affect: 47%)
As you read the scroll of fear, it crumbles to dust.
You assume a fearsome visage.
The dire elephant resists with almost no effort.
The dire elephant tramples you!
You die...

##.#P..####.................##
#.###### ##..................##
#.#...####....................#
#..#.P...#.................†.#
.............................#
.............................#
.............................#
...............Y............##
#####...........@...........#
#........................#
####........................##
##...........................##
P.P.#.........................#
..............................#
.......................<....###
.............................#
.#.#.P.#..##.#......P...#....#


You could see a dire elephant (unable to see you).

Vanquished Creatures
  2 dire elephants (Lair:5)
  A boulder beetle (D:12)
  2 hydras
  A tengu warrior (D:10)
  2 two-headed ogres
  3 death yaks (Lair:5)
  A spectral anaconda (Lair:5)
  A spectral death yak (Lair:5)
  Pikel (D:7)
  2 necromancers (Lair:5)
  7 elephants (Lair:5)
  A cyclops (D:11)
  A manticore (D:11)
  2 black mambas
  2 torpor snails
  4 rime drakes
  A kobold demonologist (D:8)
  13 cane toads
  6 komodo dragons
  A troll (D:8)
  2 hornets
  Grinder (D:3)
  18 dream sheep
  A snapping turtle (Lair:2)
  4 blink frogs (Lair:4)
  4 wraiths (D:10)
  7 wyverns
  14 yaks
  Grum (D:11)
  3 basilisks
  2 death yak simulacra (Lair:5)
  3 steam dragons
  Menkaure (D:4)
  An acid dragon (D:11)
  12 water moccasins
  A spectral cane toad (Lair:5)
  3 orc warriors
  An ice beast (D:5)
  A sky beast (D:8)
  2 black bears
  10 wolves
  An elephant skeleton (Lair:5)
  An ogre (D:5)
  A phantom (D:7)
  9 centaurs
  3 lemures (D:7)
  A kobold brigand (D:8)
  2 gnoll sergeants
  10 bullfrogs
  8 necrophages
  2 scorpions
  3 wights (D:5)
  4 killer bees (D:9)
  2 elephant simulacra (Lair:5)
  13 electric eels
  2 howler monkeys (D:9)
  A crimson imp (D:6)
  A bullfrog zombie (D:5)
  3 jellies
  9 hounds
  A human zombie (D:5)
  3 orc priests
  A gnoll bouda (D:5)
  4 iguanas
  A scorpion zombie (D:5)
  5 orc wizards
  6 hell rats (Lair:3)
  A hound zombie (D:5)
  A mummy (D:5)
  21 gnolls
  A howler monkey zombie (D:5)
  8 adders
  2 white imps
  3 ufetubi
  A dart slug (D:4)
  27 orcs
  7 endoplasms
  A giant cockroach (D:3)
  8 goblins
  10 hobgoblins
  3 jackals (D:2)
  5 quokkas
  10 ball pythons
  8 bats
  3 frilled lizards
  14 kobolds
  9 rats
  A butterfly (Lair:4)
387 creatures vanquished.

Vanquished Creatures (others)
  A two-headed ogre (D:10)
  A yak (D:10)
  23 fungi
  97 plants
  26 withered plants (Lair:5)
148 creatures vanquished.

Grand Total: 535 creatures vanquished

Notes
Turn   | Place    | Note
-------+----------+-------------------------------------------
     0 | D:1      | xSliceyx the Gargoyle Fighter began the quest for the Orb.
     0 | D:1      | Reached XP level 1. HP: 14/14 MP: 1/1
    92 | D:1      | Reached XP level 2. HP: 19/19 MP: 2/2
   119 | D:1      | Found a faded altar of an unknown god.
   594 | D:1      | Reached XP level 3. HP: 23/23 MP: 3/3
   603 | D:1      | Found Qoaqycag's Book Boutique.
   990 | D:2      | Reached skill level 5 in Shields
  1258 | D:2      | Reached XP level 4. HP: 25/28 MP: 4/4
  2121 | D:3      | Reached XP level 5. HP: 31/32 MP: 5/5
  2165 | D:3      | Noticed Grinder
  2199 | D:3      | Killed Grinder
  2200 | D:3      | Reached XP level 6. HP: 14/37 MP: 6/6
  2436 | D:3      | Found a radiant altar of Vehumet.
  2548 | D:3      | Identified the +10 sling "Weruuhy" {venom, rElec rF+ Dex+4}
  2948 | D:4      | Reached skill level 1 in Ranged Weapons
  2977 | D:4      | Reached XP level 7. HP: 41/41 MP: 7/7
  3486 | D:4      | Found a staircase to the Ecumenical Temple.
  3491 | D:4      | Noticed Menkaure
  3496 | Temple   | Entered the Ecumenical Temple
  3590 | Temple   | Became a worshipper of Warmaster Okawaru
  3612 | D:4      | Killed Menkaure
  4074 | D:5      | Entered Level 5 of the Dungeon
  4106 | D:5      | Reached XP level 8. HP: 46/46 MP: 8/8
  4112 | D:5      | Found a blossoming altar of Fedhas.
  4185 | D:5      | Reached * piety under Okawaru
  4214 | D:5      | Reached skill level 5 in Ranged Weapons
  4601 | D:5      | Reached ** piety under Okawaru
  4602 | D:5      | Reached skill level 1 in Invocations
  4633 | D:5      | Reached XP level 9. HP: 51/51 MP: 8/10
  4652 | D:5      | Found an ancient bone altar of Kikubaaqudgha.
  5089 | D:6      | Found Zoinot's Armour Shoppe.
  5219 | D:6      | Found a hide-covered altar of Uskayaw.
  5835 | D:7      | Found a shimmering blue altar of Sif Muna.
  5836 | D:7      | Found a glowing golden altar of the Shining One.
  5843 | D:7      | Found a sacrificial altar of Ru.
  5845 | D:7      | Found a glowing silver altar of Zin.
  5845 | D:7      | Found a broken altar of Ashenzari.
  5848 | D:7      | Found a white marble altar of Elyvilon.
  5849 | D:7      | Found Ucischarr's Antique Armour Shoppe.
  5853 | D:7      | Bought a shiny buckler for 127 gold pieces
  5895 | D:7      | Noticed a hornet
  5903 | D:7      | Noticed a two-headed ogre
  5905 | D:7      | Killed a hornet
  5948 | D:7      | Killed a two-headed ogre
  5948 | D:7      | Reached *** piety under Okawaru
  5950 | D:7      | Found Kipreabret's Distillery.
  5958 | D:7      | Bought a potion of curing for 33 gold pieces
  5958 | D:7      | Bought a potion of haste for 110 gold pieces
  5958 | D:7      | Bought a potion of might for 44 gold pieces
  5981 | D:7      | Reached skill level 10 in Ranged Weapons
  5981 | D:7      | Reached XP level 10. HP: 53/56 MP: 11/13
  6014 | D:7      | Found Iragican's Antique Weapon Shop.
  6423 | D:7      | Noticed Pikel
  6432 | D:7      | Killed Pikel
  6757 | D:7      | Found Adeurgh's Armour Boutique.
  7106 | D:7      | Bought a potion of invisibility for 88 gold pieces
  7424 | D:8      | Found Jimygyos's Antique Armour Boutique.
  7598 | D:8      | Found Hepeggezai's Armour Shoppe.
  7611 | D:8      | Reached **** piety under Okawaru
  7667 | D:8      | Found an opulent altar of Gozag.
  7669 | D:8      | Noticed a kobold demonologist
  7678 | D:8      | Noticed a rust devil
  7683 | D:8      | Noticed a sixfirhy
  7689 | D:8      | Killed a kobold demonologist
  8216 | D:8      | Found Mirph's Antique Weapon Boutique.
  8263 | D:8      | Found a bloodstained altar of Trog.
  8529 | D:9      | Found a shadowy altar of Dithmenos.
  8538 | D:9      | Received a gift from Okawaru
  8839 | D:9      | Found a staircase to the Lair.
  8892 | D:9      | Reached ***** piety under Okawaru
  8902 | D:9      | Reached XP level 11. HP: 49/60 MP: 14/14
  9070 | D:9      | Found Demaedou's Antique Armour Shoppe.
  9325 | D:10     | Entered Level 10 of the Dungeon
  9395 | D:10     | Killed a two-headed ogre
  9414 | D:10     | Noticed an eight-headed hydra
  9622 | D:10     | Killed an eight-headed hydra
  9677 | D:10     | Noticed a tengu warrior
  9932 | D:10     | Reached skill level 4 in Fighting
 10058 | D:10     | Found a sparkling altar of Nemelex Xobeh.
 10059 | D:10     | Found a stormy altar of Qazlal.
 10090 | D:10     | Found a shimmering altar of Xom.
 10334 | D:10     | Killed a tengu warrior
 10335 | D:10     | Reached skill level 5 in Fighting
 10533 | D:10     | Reached skill level 6 in Fighting
 11286 | D:11     | Noticed a manticore
 11296 | D:11     | Killed a manticore
 11296 | D:11     | Received a gift from Okawaru
 11297 | D:11     | Reached skill level 7 in Fighting
 11512 | D:11     | Noticed Grum
 11518 | D:11     | Killed Grum
 11774 | D:11     | Noticed a cyclops
 11781 | D:11     | Killed a cyclops
 11782 | D:11     | Reached skill level 8 in Fighting
 11969 | D:12     | Noticed a boulder beetle
 11978 | D:12     | Killed a boulder beetle
 12214 | D:12     | Noticed a two-headed ogre
 12233 | D:12     | Killed a two-headed ogre
 12233 | D:12     | Received a gift from Okawaru
 12234 | D:12     | Reached skill level 9 in Fighting
 12418 | Lair:1   | Entered Level 1 of the Lair of Beasts
 12478 | Lair:1   | Reached ****** piety under Okawaru
 12479 | Lair:1   | Reached skill level 10 in Fighting
 12479 | Lair:1   | Reached XP level 12. HP: 77/77 MP: 15/15
 12523 | Lair:1   | Reached skill level 5 in Invocations
 14462 | Lair:2   | Reached skill level 11 in Fighting
 14758 | Lair:2   | Found a staircase to the Snake Pit.
 14813 | Lair:2   | Found a staircase to the Shoals.
 15486 | Lair:3   | Reached skill level 12 in Fighting
 15622 | Lair:3   | You fall into a shaft and drop 1 floor!
 15631 | Lair:4   | Received a gift from Okawaru
 15639 | Lair:4   | Reached XP level 13. HP: 73/87 MP: 17/19
 15650 | Lair:4   | Reached skill level 13 in Fighting
 16085 | Lair:4   | Received a gift from Okawaru
 16268 | Lair:4   | Reached skill level 14 in Fighting
 16877 | Lair:4   | Found a viscous altar of Jiyva.
 16877 | Lair:4   | Found a staircase to the Slime Pits.
 17194 | Lair:5   | Entered Level 5 of the Lair of Beasts
 17565 | Lair:5   | Noticed a dire elephant
 17565 | Lair:5   | Noticed a dire elephant
 17565 | Lair:5   | Noticed a dire elephant
 17565 | Lair:5   | Noticed a dire elephant
 17764 | Lair:5   | Reached skill level 15 in Fighting
 18286 | Lair:5   | Killed a dire elephant
 18446 | Lair:5   | Received a gift from Okawaru
 19978 | Lair:5   | Killed a dire elephant
 20319 | D:8      | Bought a dazzling scimitar for 243 gold pieces
 20319 | D:8      | Identified the +6 scimitar "Dragonbane" {antimagic, rElec
                  | rF++ rN+ Dex-2} (You bought it in a shop on level 8 of the
                  | Dungeon)
 20531 | Lair:5   | Slain by a dire elephant

Illustrated notes

Levels and vault maps discovered:
D:1:      matt_arrival_grand_opening, layout_basic,
          shapermc_ecumenical_altar_venn, serial_shops, nicolae_shop_trees
D:2:      layout_basic
D:3:      layout_loops_ring, nicolae_vehumet_radiance,
          kennysheep_generic_room_3, uniq_grinder
D:4:      layout_basic, minmay_temple_entry_large_hall, serial_glass,
          glass_columns_c, glass_columns_b, glass_columns_c, glass_columns_b,
          glass_columns_c, glass_columns_a, glass_columns_a, glass_columns_c,
          glass_columns_b, glass_columns_b, glass_columns_a, glass_columns_b,
          glass_columns_a, glass_columns_a, nicolae_grassy_gnolls, uniq_menkaure
D:5:      layout_rooms, lemuel_mausoleum_altar_kikubaaqudgha,
          mainiacjoe_overflow_paths
D:6:      layout_basic, kennysheep_little_box, serial_shops,
          nicolae_stop_n_shop_2, minmay_fire_ice_demons
D:7:      layout_loops_ring, grunt_temple_overflow_open, serial_shops, shop,
          shop_statue, nicolae_shop_advertising_works
          [nicolae_subvault_shop_adworks], nicolae_shop_overgrown_old_shop,
          serial_bayou, serial_bayou_pond_e, serial_bayou_pond_d,
          serial_bayou_lagoon_b, serial_bayou_lagoon_a, nicolae_zen_rock_garden,
          hangedman_abyss_or_decor_slice, hangedman_abyss_or_decor_passed,
          uniq_pikel
D:8:      layout_loops_corners, trog_hazing_becter, mainiacjoe_overflow_catwalk,
          serial_shops, nicolae_shop_waterfront, nicolae_shop_trees, shop
D:9:      layout_roguey, grunt_dithmenos_smoke_and_mirrors, erik_lair_island,
          serial_shops, shop
D:10:     layout_long_grid, nicolae_overflow_squiral, xom_confusion_cloud
D:11:     layout_gridville, uniq_grum
D:12:     layout_long_grid, lightli_wizard_tower
Temple:   nicolae_temple_stand_before_the_council
Lair:1:   layout_regular_city, beast_lair_carwin_10
Lair:2:   layout_cave_shapes, minmay_shoals_entry_hut, dummy_snake_entry
Lair:3:   layout_layer_cave, grunt_megastairs_5
Lair:4:   layout_regular_city, slime_entry_1, roderic_carrion_pond,
          grunt_megastairs_1, lemuel_fruit_fields, serial_bayou_shore_a
Lair:5:   due_jungle_book, layout_long_grid, eino_house_with_fridge

Skill      XL: |  1  2  3  4  5  6  7  8  9 10 11 12 13 |
---------------+----------------------------------------+-----
Shields        | 4 5 7 9 |  9.8
Armour         | 4 6 7 8 |  8.0
Ranged Weapons | 1 3 6 10 13 14 | 14.0
Invocations    | 1 4 8 |  8.5
Fighting       | 10 12 15 | 15.6
Axes           | |  1.7

Action                   |  1- 3 |  4- 6 |  7- 9 | 10-12 | 13-15 || total
-------------------------+-------+-------+-------+-------+-------++-------
Melee: War axe           |    81 |   121 |       |       |       ||   202
       Scimitar          |       |       |       |       |    50 ||    50
 Fire: Sling             |       |     9 |   216 |   733 |   420 ||  1378
Invok: Heroism           |       |       |     2 |     7 |     4 ||    13
       Finesse           |       |       |       |     1 |     5 ||     6
Evoke: Wand              |       |       |     4 |     4 |       ||     8
  Use: Potion            |       |     1 |       |     5 |     3 ||     9
       Scroll            |       |       |     1 |    11 |     4 ||    16
 Stab: Invisible         |       |       |       |       |     2 ||     2
Armor: Scale mail        |    47 |    81 |    29 |       |       ||   157
       Chain mail        |       |       |    50 |   232 |   184 ||   466
Dodge: Dodged            |    44 |    65 |    41 |   101 |    74 ||   325
Block: Buckler           |    19 |    24 |    10 |   119 |    39 ||   211
       Kite shield       |       |       |    75 |       |       ||    75
       Reflection        |       |       |       |     6 |       ||     6
       Tower shield      |       |       |       |       |   210 ||   210
